 Dungeon Crawl Stone Soup version 0.22-a0-223-g0f5d773 (webtiles) character file.

1313 galech the Ruffian (level 8, -9/80 HPs)
             Began as a Troll Monk on Feb 18, 2018.
             Mangled by an ice beast (13 damage)
             ... on level 6 of the Dungeon.
             The game lasted 00:06:51 (4933 turns).

galech the Ruffian (Troll Monk)                     Turns: 4933, Time: 00:06:52

Health: -9/80      AC:  5    Str: 19 (22) XL:     8   Next: 32%
Magic:  7/7        EV: 11    Int:  5 (6)  God:
Gold:   261        SH:  0    Dex: 10 (12) Spells: 7/7 levels left

rFire    . . .     SeeInvis .     - Unarmed
rCold    . . .     Gourm    +   (no shield)
rNeg     . . .     Faith    +   a - +0 robe
rPois    .         Spirit   .   (helmet restricted)
rElec    .         Reflect  .   (no cloak)
rCorr    .         Harm     .   (gloves unavailable)
MR       .....                  (boots unavailable)
Stlth    ++........             f - amulet of faith
HPRegen  0.63/turn              k - ring of stealth
MPRegen  0.10/turn              (no ring)

@: no status effects
A: large, unfitting armour, claws 3, fast metabolism 3, gourmand, regeneration
1, shaggy fur 1, tough skin 2
a: no special abilities


You were on level 6 of the Dungeon.
You were full.

You visited 1 branch of the dungeon, and saw 6 of its levels.

You collected 261 gold pieces.

Inventory:

Armour
 a - a +0 robe (worn)
Jewellery
 f - an amulet of faith (around neck)
 k - a ring of stealth (left claw)
Scrolls
 e - 9 scrolls of identify {unknown}
 i - 3 scrolls of teleportation {unknown}
 j - 4 scrolls of remove curse {unknown}
 l - a scroll of blinking {unknown}
Potions
 c - a potion of haste {unknown}
 d - 2 potions of degeneration
 g - a potion of heal wounds {unknown}
 h - a potion of ambrosia {unknown}
Comestibles
 b - 16 rations


   Skills:
 + Level 5.3 Fighting
 + Level 5.3 Dodging
 - Level 1.2 Stealth
 + Level 6.7 Unarmed Combat


You had 7 spell levels left.
You didn't know any spells.

Dungeon Overview and Level Annotations

Branches:
Dungeon (6/15)
 Temple: D:4-7

Altars:
Ashenzari
Fedhas
Qazlal


Innate Abilities, Weirdness & Mutations

You are too large for most types of armour.
You have claws for hands.
Your metabolism is lightning-fast.
You like to eat raw meat.
Your natural rate of healing is unusually fast.
You are covered in fur. (AC +1)
You have very tough skin. (AC +2)


Message History

You closely miss the ice beast.
The ice beast hits you but does no damage.
You barely miss the ice beast. The ice beast hits you.
The ice beast freezes you!
* * * LOW HITPOINT WARNING * * *
You scratch the ice beast.
The ice beast is moderately wounded.
The ice beast hits you but does no damage.
You closely miss the ice beast.
The ice beast is moderately wounded.
The ice beast hits you.
* * * LOW HITPOINT WARNING * * *
The ice beast freezes you!
* * * LOW HITPOINT WARNING * * *
You scratch the ice beast but do no damage.
The ice beast is moderately wounded.
The ice beast hits you.
* * * LOW HITPOINT WARNING * * *
The ice beast freezes you!
You die...

#. #.# .###.#
##### ..#.# #...#
#.#.#######
#.#.###O#Y>......
#.#.##.l.O(#
#.#<##.###...?...
#.####.# .......
#...@Y.# ..(.!..
######## .......
....... .......
.####..


You could see an ice beast.

Vanquished Creatures
  4 ogres
  A centaur (D:5)
  A water moccasin skeleton (D:4)
  2 scorpions (D:5)
  3 wights
  A crimson imp (D:5)
  2 hounds
  4 orc priests (D:5)
  3 iguanas
  3 orc wizards
  3 worker ants (D:5)
  6 adders
  3 oozes
  An adder skeleton (D:4)
  2 dart slugs (D:3)
  2 leopard geckos
  10 orcs
  3 bats
  5 giant cockroaches
  15 goblins
  12 hobgoblins
  15 jackals
  6 kobolds
  3 quokkas
  A ball python (D:1)
  9 frilled lizards
  A giant cockroach zombie (D:5)
  A jackal skeleton (D:4)
  A quokka zombie (D:5)
  4 rats
127 creatures vanquished.

Notes
Turn   | Place    | Note
-------+----------+-------------------------------------------
     0 | D:1      | galech the Troll Monk began the quest for the Orb.
     0 | D:1      | Reached XP level 1. HP: 22/22 MP: 0/0
    92 | D:1      | Reached XP level 2. HP: 29/29 MP: 1/1
   614 | D:1      | Reached XP level 3. HP: 34/36 MP: 2/2
   932 | D:2      | You fall through a shaft!
  1001 | D:3      | Found a blossoming altar of Fedhas.
  1111 | D:3      | Found a shattered altar of Ashenzari.
  1472 | D:3      | Reached skill level 4 in Unarmed Combat
  1518 | D:3      | Reached XP level 4. HP: 42/44 MP: 3/3
  1764 | D:3      | Found a stormy altar of Qazlal.
  2575 | D:4      | Reached XP level 5. HP: 40/53 MP: 4/4
  2696 | D:4      | Noticed an ogre
  2704 | D:4      | Killed an ogre
  2747 | D:4      | Reached XP level 6. HP: 57/61 MP: 5/5
  2970 | D:3      | Reached skill level 5 in Unarmed Combat
  3553 | D:5      | Entered Level 5 of the Dungeon
  3635 | D:5      | Reached XP level 7. HP: 52/70 MP: 6/6
  4006 | D:5      | Reached skill level 6 in Unarmed Combat
  4179 | D:5      | Reached XP level 8. HP: 79/79 MP: 7/7
  4196 | D:5      | Reached skill level 5 in Fighting
  4196 | D:5      | Reached skill level 5 in Dodging
  4933 | D:6      | HP: 4/80 [ice beast (3)]
  4933 | D:6      | Mangled by an ice beast

Vault maps used:
D:1:      dpeg_arrival_morbid_curiosity, glass_columns_a
D:2:      first_ration
D:3:      fedhas_altar_fruit_tree, lemuel_coloured_pillars_altar,
          evilmike_ruin_ashenzari
D:4:      cheibrodos_greedy_goblins
D:5:      kennysheep_spiral_hall
D:6:      minmay_temple_entry_butterflies, minmay_hollow_rounded_squares,
          uniq_menkaure

Skill      XL: |  1  2  3  4  5  6  7  8 |
---------------+-------------------------+-----
Unarmed Combat | 4 5 6 |  6.7
Fighting       | 3 4 5 |  5.3
Dodging        | 3 4 5 |  5.3
Stealth        | |  1.2

Action                   |  1- 3 |  4- 6 |  7- 9 || total
-------------------------+-------+-------+-------++-------
Melee: Unarmed           |    93 |   161 |   115 ||   369
       Punch             |     1 |     2 |     3 ||     6
  Use: Potion            |       |       |     2 ||     2
 Stab: Sleeping          |     2 |     3 |     1 ||     6
  Eat: Chunk             |    19 |    20 |     8 ||    47
Armor: Robe              |    32 |    41 |    23 ||    96
Dodge: Dodged            |    52 |    81 |    61 ||   194

Table legend:
 A = Spawn XP
 B = Non-spawn XP
 C = Spawn XP percentage of total XP
 D = Spawn monster count
 E = Non-spawn monster count
 F = Spawn count percentage of total count
 G = Total turns spent on level
                    A         B        C        D         E        F      G
               +---------+---------+-------+---------+---------+-------+---------
         Total |       0 |    1877 |   0.0 |       0 |     127 |   0.0 |  4933
               +---------+---------+-------+---------+---------+-------+---------
           D:1 |       0 |      44 |   0.0 |       0 |      27 |   0.0 |   884
           D:2 |       0 |      69 |   0.0 |       0 |      21 |   0.0 |   687
           D:3 |       0 |     172 |   0.0 |       0 |      14 |   0.0 |  1095
           D:4 |       0 |     399 |   0.0 |       0 |      35 |   0.0 |   944
           D:5 |       0 |    1012 |   0.0 |       0 |      26 |   0.0 |  1281
           D:6 |       0 |     181 |   0.0 |       0 |       4 |   0.0 |    42
               +---------+---------+-------+---------+---------+-------+---------
